 Dungeon Crawl Stone Soup version 0.25-a0-566-g062765be81 (webtiles) character file.

Game seed: 3494974233448069353, levelgen mode: deterministic

31 Gargoyl the Skirmisher (level 3, -6/33 HPs)
             Began as a Centaur Abyssal Knight on Feb 28, 2020.
             Was a Follower of Lugonu.
             Killed by divine providence
             ... invoked by a daeva
              (7 damage)
             ... on level 5 of the Abyss.
             The game lasted 00:00:37 (145 turns).

Gargoyl the Skirmisher (Centaur Abyssal Knight)      Turns: 145, Time: 00:00:37

Health: -6/33      AC:  4    Str: 14      XL:     3   Next: 7%
Magic:  4/4        EV:  9    Int: 11      God:    Lugonu [*.....]
Gold:   70         SH:  0    Dex:  5 (9)  Spells: 2/2 levels left

rFire    . . .     SeeInvis .   a - +1 hand axe
rCold    . . .     Gourm    .   (no shield)
rNeg     . . .     Faith    .   b - +0 leather armour
rPois    .         Spirit   .   (no helmet)
rElec    .         Reflect  .   (no cloak)
rCorr    .         Harm     .   (no gloves)
MR       .....                  (no barding)
Stlth    ..........             (no amulet)
HPRegen  0.11/turn              (no ring)
MPRegen  0.09/turn              (no ring)

@: vulnerable, very quick
A: large, hooves 3, deformed body, speed 2, tough skin 3
a: Depart the Abyss, Renounce Religion


You were on level 5 of the Abyss.
You worshipped Lugonu.
Lugonu was aware of your devotion.
You were not hungry.

You visited 0 branches of the dungeon, and saw 0 of its levels.
You visited the Abyss 1 time.

You collected 70 gold pieces.

Inventory:

Hand Weapons
 a - a +1 hand axe (weapon)
Armour
 b - a +0 leather armour (worn)
 d - a +0 scale mail
Comestibles
 c - 2 rations


   Skills:
 + Level 3.6 Fighting
 + Level 2.0 Axes
 + Level 1.7 Armour
 + Level 0.7 Dodging
 + Level 2.2 Invocations


You had 2 spell levels left.
You didn't know any spells.
Your spell library was empty.

Dungeon Overview and Level Annotations

Branches:
Dungeon (0/15)

Altars:


Innate Abilities, Weirdness & Mutations

You have hooves in place of feet.
Armour fits poorly on your strangely shaped body.
You cover ground very quickly.
You have extremely tough skin. (AC +3)


Message History

You start resting.
A golden eye comes into view.
The golden eye turns its gaze towards you.
The golden eye blinks! x2
You plunge deeper into the Abyss.
The abyssal rune of Zot can be found at this depth.
A spatial vortex comes into view.
Found a scale mail and a ration.
Found 17 poisoned darts.
You see here a scale mail.
d - a scale mail A spatial vortex comes into view.
A daeva comes into view.
It is wielding a +4 scimitar of holy wrath and wearing a +1 tower shield of reflection.
The daeva calls down the wrath of the Shining One upon you.
The Shining One smites you!
* * * LOW HITPOINT WARNING * * *
Unknown command.
The daeva calls down the wrath of the Shining One upon you.
The Shining One smites you!
You die...

. ...#≈. .≈§≈≈≈
..#........ ..§..§.
.....#.....##......
...###...######..#..
......##.#..#......#
....#..A....#.....#
....#A#.#..#.....##
#..#..##...........
........@.....#
#.#......#..#.#
...#...... ..#
..........#. ...
..##.##...### ..# ..
#. .#... .. # #.#.#.
# ##.. .


You could see a daeva.

Vanquished Creatures
  A quasit (Abyss:4)
1 creature vanquished.

Vanquished Creatures (others)
  A neqoxec (Abyss:4)
1 creature vanquished.

Grand Total: 2 creatures vanquished

Notes
Turn   | Place    | Note
-------+----------+-------------------------------------------
     0 | Abyss:1  | Gargoyl the Centaur Abyssal Knight began the quest for the
                  | Orb.
     0 | Abyss:1  | Reached XP level 1. HP: 19/19 MP: 2/2
    18 | Abyss:2  | Found a corrupted altar of Lugonu.
    86 | Abyss:4  | Noticed a quasit
    99 | Abyss:4  | Killed a quasit
    99 | Abyss:4  | Reached XP level 2. HP: 6/27 MP: 3/3
    99 | Abyss:4  | Reached XP level 3. HP: 8/33 MP: 4/4
   125 | Abyss:4  | Killed a neqoxec
   127 | Abyss:4  | Noticed a golden eye
   129 | Abyss:5  | Entered Level 5 of the Abyss
   129 | Abyss:5  | Noticed a spatial vortex
   133 | Abyss:5  | Noticed a dire elephant
   135 | Abyss:5  | Noticed a spatial vortex
   140 | Abyss:5  | Noticed a daeva
   141 | Abyss:5  | Noticed an elephant
   141 | Abyss:5  | HP: 1/33 [daeva/divine providence (11)]
   145 | Abyss:5  | Killed from afar by a daeva

Levels and vault maps discovered:
Abyss:5:  evilmike_abyss_exit_14, hangedman_abyss_overflow_altar,
          evilmike_abyss_rune_elephants_shrine

Skill      XL: |  1 |
---------------+----+-----
Axes           | 2 |  2.0
Fighting       | |  3.6
Armour         | |  1.7
Dodging        | |  0.7
Invocations    | |  2.2

Action                   || total
-------------------------++-------
Melee: Hand axe          ||    11
       Kick              ||     1
  Use: Potion            ||     1
       Scroll            ||     1
Armor: Leather armour    ||    13
Dodge: Dodged            ||    21

Table legend:
 A = Non-vault XP
 B = Vault XP
 C = Vault XP percentage of total XP
 D = Non-vault monster count
 E = Vault monster count
 F = Vault count percentage of total count
                 A         B        C        D         E       F
            +---------+---------+-------+---------+---------+-------
      Total |      45 |       0 |   0.0 |       1 |       0 |   0.0
            +---------+---------+-------+---------+---------+-------
    Abyss:4 |      45 |       0 |   0.0 |       1 |       0 |   0.0
            +---------+---------+-------+---------+---------+-------
